 Dungeon Crawl Stone Soup version 0.16.2-3-ga078185 (webtiles) character file.

1153 gorblad the Caller (level 8, -1/57 HPs)
             Began as a Demonspawn Summoner on Sept 8, 2015.
             Was an Initiate of Kikubaaqudgha.
             Shot with an arrow by a centaur (5 damage)
             ... on level 6 of the Dungeon.
             The game lasted 00:38:38 (6487 turns).

gorblad the Caller (Demonspawn Summoner)            Turns: 6487, Time: 00:38:39

Health: -1/57      AC: 10    Str: 11    XL:     8   Next: 16%
Magic:  8/19       EV: 13    Int: 18    God:    Kikubaaqudgha [......]
Gold:   270        SH:  3    Dex: 14    Spells: 4 memorised, 6 levels left

rFire  + . .     SeeInvis .     G - +0 scythe
rCold  . . .     Clarity  .     a - +0 robe
rNeg   + . .     SustAb   .     (no shield)
rPois  +         Gourm    .     (no helmet)
rElec  .         Spirit   .     w - +0 cloak
rCorr  .         Warding  .     q - +2 pair of gloves
rMut   .         Rnd*Tele +     D - +0 pair of boots
MR     .....                    (no amulet)
Stlth  ++........               y - ring of poison resistance
                                r - ring of positive energy

@: not resistant to hostile enchantments, unstealthy
A: large bone plates 2, fire resistance 1, spiny 2, strong 1, teleportitis 1
a: Renounce Religion


You were on level 6 of the Dungeon.
You worshipped Kikubaaqudgha.
Kikubaaqudgha was noncommittal.
You were not hungry.

You visited 2 branches of the dungeon, and saw 8 of its levels.

You collected 270 gold pieces.

Inventory:

Hand weapons
 d - a +0 short sword
 F - a -1 rapier
 G - a +0 scythe (weapon)
Armour
 a - a +0 robe (worn)
 q - a +2 pair of gloves (worn)
 t - a +0 shadow dragon armour
 w - a +0 cloak (worn)
 D - a +0 pair of boots (worn)
Jewellery
 r - a ring of positive energy (left hand)
 y - a ring of poison resistance (right hand)
 A - a cursed ring of stealth {unknown}
Scrolls
 e - a scroll of magic mapping {unknown}
 l - 2 scrolls of fog
 p - a scroll of blinking
 x - 2 scrolls of remove curse
 z - a scroll of teleportation
 E - a scroll of identify
Potions
 g - a potion of heal wounds
 h - a potion of ambrosia
 k - 2 potions of magic
 m - a potion of brilliance
 n - 3 potions of restore abilities {unknown}
 o - 4 potions of curing {unknown}
 s - a potion of flight {unknown}
 u - a potion of poison {unknown}
 B - a potion of might {unknown}
Books
 b - a book of Callings

   Spells                             Type                      Level
   a - Summon Small Mammal            Summoning                    1
   b - Call Imp                       Summoning                    2
   c - Call Canine Familiar           Summoning                    3
   d - Summon Guardian Golem          Hexes/Summoning              4
   e - Summon Lightning Spire         Summoning/Air                4
   f - Summon Ice Beast               Ice/Summoning                4
 j - a book of Unlife

   Spells                             Type                      Level
   a - Recall                         Summoning/Translocation      3
   b - Animate Dead                   Necromancy                   4
   c - Control Undead                 Necromancy                   4
   d - Cigotuvi's Embrace             Necromancy                   5
   e - Death Channel                  Necromancy                   6
   f - Simulacrum                     Ice/Necromancy               6
 C - a book of Minor Magic

   Spells                             Type                      Level
   a - Magic Dart                     Conjuration                  1
   b - Blink                          Translocation                2
   c - Call Imp                       Summoning                    2
   d - Repel Missiles                 Charms/Air                   2
   e - Slow                           Hexes                        2
   f - Conjure Flame                  Conjuration/Fire             3
   g - Mephitic Cloud                 Conjuration/Poison/Air       3
Comestibles
 c - a bread ration
 f - a slice of pizza
 i - a royal jelly
 v - a meat ration


   Skills:
 + Level 2.4 Fighting
 + Level 2.4 Short Blades
 + Level 3.5 Armour
 + Level 3.3 Dodging
 + Level 2.5 Stealth
 + Level 4.9 Spellcasting
 + Level 6.0 Summonings
 + Level 0.1 Air Magic


You had 6 spell levels left.
You knew the following spells:

 Your Spells              Type           Power        Failure   Level  Hunger
a - Summon Small Mammal   Summ           ####         1%          1    None
b - Call Imp              Summ           ####....     1%          2    #......
c - Call Canine Familiar  Summ           ####....     3%          3    ###....
d - Summon Lightning Spi  Summ/Air       ###.....     41%         4    ####...


Dungeon Overview and Level Annotations

Branches:
Dungeon (7/15)             Temple (1/1) D:4

Altars:
Ashenzari
Dithmenos
Elyvilon
Fedhas
Gozag
Kikubaaqudgha
Makhleb
Nemelex Xobeh
Okawaru
Qazlal
Ru
Sif Muna
Vehumet
Xom
Yredelemnul
Zin


Innate Abilities, Weirdness & Mutations

You are mostly covered in large bone plates (AC +3, SH +3).
Your flesh is heat resistant.
You are mostly covered in sharp spines.
Your muscles are strong. (Str +2)
Space occasionally distorts in your vicinity.


Message History

You see here a goblin skeleton.
There is an open door here.
A centaur comes into view. It is wielding a shortbow.
The centaur shouts!
The centaur shoots an arrow.
The arrow hits you!!
* * * LOW HITPOINT WARNING * * *
There is a stone staircase leading down, spattered with blood here.
You see here an arrow.
The centaur shoots an arrow.
The arrow hits you.
* * * LOW HITPOINT WARNING * * *
You climb downwards.
There is a stone staircase leading up here.
You climb upwards.
The centaur shoots an arrow.
The arrow hits you!
* * * LOW HITPOINT WARNING * * *
There is a stone staircase leading down, spattered with blood here.
You see here 3 arrows.
You can't go up here!
The centaur shoots an arrow.
The arrow hits you.
You die...
Kikubaaqudgha rasps: "You have failed me!
Welcome... death!"

#..#.##..##......######.
#........##......<# #.
#.###.#.#...##.#.## #.
#.###...#.####....# #.
#.......#...####..# #.
######..###.##....# #.
#..# #.##.##.# ## #..#
#.(..##.# ##@#########.#
##....#...#.#
#.....#.#.#รท#
#.....'.....#
#.....##[...#
#....c((..#.#
#......####)..# #.....$#
###.# #......# .#


You could see a centaur.

Vanquished Creatures
  Pikel (D:6)
  An ice beast (D:6)
  An ogre (D:5)
  A crimson imp (D:4)
  2 hounds (D:5)
  3 worker ants (D:5)
  A gnoll (D:1)
  A shadow imp (D:5)
  A worm (D:6)
  2 giant geckos
  An ooze (D:2)
  2 orcs (D:5)
  4 goblins
  3 jackals
  2 quokkas
  A bat (D:3)
  A giant newt (D:5)
  2 kobolds
  5 rats
35 creatures vanquished.

Vanquished Creatures (collateral kills)
  A sky beast (D:6)
  The ghost of gorblad the Ducker, an average DsGl (D:3)
  An ogre (D:4)
  Sigmund (D:6)
  A scorpion (D:4)
  2 worker ants
  5 adders
  2 worms (D:2)
  2 giant geckos
  An ooze (D:1)
  3 orcs (D:4)
  3 giant cockroaches (D:2)
  5 hobgoblins
  4 jackals
  6 kobolds
  A ball python (D:1)
  3 bats
  5 giant newts
  4 goblins
  6 rats
57 creatures vanquished.

Vanquished Creatures (others)
  A slave (D:6)
  A scorpion (D:6)
  10 crimson imps
  An iron imp (D:6)
  A shadow imp (D:4)
  4 white imps
  A hobgoblin (D:6)
  A bat (D:1)
  2 rats
22 creatures vanquished.

Grand Total: 114 creatures vanquished

Notes
Turn   | Place    | Note
--------------------------------------------------------------
     0 | D:1      | gorblad, the Demonspawn Summoner, began the quest for the Orb.
     0 | D:1      | Reached XP level 1. HP: 13/13 MP: 3/3
   386 | D:1      | Gained mutation: You are partially covered in sharp spines. [demonic ancestry]
   386 | D:1      | Reached XP level 2. HP: 17/19 MP: 0/4
   423 | D:1      | Learned a level 2 spell: Call Imp
   771 | D:2      | Reached XP level 3. HP: 6/24 MP: 2/6
  1549 | D:2      | Gained mutation: You are partially covered in large bone plates (AC +2, SH +2). [demonic ancestry]
  1549 | D:2      | Reached XP level 4. HP: 28/31 MP: 8/8
  1969 | D:3      | Found a burning altar of Makhleb.
  2380 | D:3      | Learned a level 3 spell: Call Canine Familiar
  2615 | D:3      | Noticed gorblad's ghost (average DsGl)
  2725 | D:3      | Killed gorblad's ghost
  2989 | D:4      | Reached skill level 5 in Summonings
  2989 | D:4      | Gained mutation: You are mostly covered in sharp spines. [demonic ancestry]
  2989 | D:4      | Reached XP level 5. HP: 11/36 MP: 3/11
  3245 | D:4      | Noticed an ogre
  3336 | D:4      | Killed an ogre
  3427 | D:4      | Found a staircase to the Ecumenical Temple.
  3464 | Temple   | Entered the Ecumenical Temple
  3622 | Temple   | Became a worshipper of Kikubaaqudgha
  3673 | D:4      | Learned a level 4 spell: Summon Lightning Spire
  3734 | D:5      | Entered Level 5 of the Dungeon
  3986 | D:5      | Gained mutation: Space occasionally distorts in your vicinity. [mutagenic glow]
  4169 | D:5      | Noticed an ogre
  4223 | D:5      | Killed an ogre
  4223 | D:5      | Gained mutation: Your flesh is heat resistant. [demonic ancestry]
  4223 | D:5      | Reached XP level 6. HP: 15/42 MP: 13/15
  4644 | D:5      | Reached skill level 1 in Short Blades
  4704 | D:5      | Reached skill level 1 in Armour
  4963 | D:5      | Found an iron altar of Okawaru.
  4965 | D:5      | Found a sparkling altar of Nemelex Xobeh.
  5329 | D:6      | Noticed Pikel
  5418 | D:6      | Killed Pikel
  5418 | D:6      | Reached XP level 7. HP: 20/50 MP: 17/17
  6108 | D:6      | Gained mutation: You are mostly covered in large bone plates (AC +3, SH +3). [demonic ancestry]
  6108 | D:6      | Reached XP level 8. HP: 24/57 MP: 18/18
  6256 | D:6      | Gained mutation: Your muscles are strong. (Str +2) [mutagenic meat]
  6316 | D:6      | Found a basalt altar of Yredelemnul.
  6371 | D:6      | Noticed Sigmund
  6397 | D:6      | Killed Sigmund
  6397 | D:6      | Reached skill level 6 in Summonings
  6487 | D:6      | Shot with an arrow by a centaur

Action                   |  1- 3 |  4- 6 |  7- 9 || total
-------------------------+-------+-------+-------++-------
Melee: Short sword       |    43 |   218 |    71 ||   332
       Unarmed           |     1 |       |       ||     1
       Scythe            |       |       |     6 ||     6
 Cast: Summon Small Mamm |    17 |    10 |    21 ||    48
       Call Imp          |    24 |    66 |    22 ||   112
       Summon Lightning  |       |     1 |       ||     1
  Use: Scroll            |       |    15 |     2 ||    17
       Potion            |       |     2 |     1 ||     3
 Stab: Distracted        |       |     1 |       ||     1
  Eat: Chunk             |     3 |     2 |     1 ||     6
       Fruit             |       |     5 |       ||     5
       Pizza             |       |     1 |       ||     1
       Meat ration       |       |     1 |       ||     1
       Bread ration      |       |     1 |     1 ||     2
